 Dungeon Crawl Stone Soup version 0.31.0-32-g396128a36d (webtiles) character file.

Game seed: 11521613514832732099

1442 MollyMolluskus the Ruffian (level 8, -4/57 HPs)
             Began as an Octopode Fighter on Apr 2, 2024.
             Slain by an ogre
             ... wielding a +0 giant club
              (37 damage)
             ... on level 5 of the Dungeon.
             The game lasted 00:11:56 (3600 turns).

MollyMolluskus the Ruffian (Octopode Fighter)       Turns: 3600, Time: 00:11:56

Health: -4/57      AC:  1    Str: 17    XL:     8   Next: 74%
Magic:  8/8        EV: 16    Int: 10    God:
Gold:   219        SH:  8    Dex: 18    Spells: 7/7 levels left

rFire   . .          .
                       - Unarmed
rCold   . . .        a - +3 buckler
rNeg    . . .        (helmet restricted)
rPois   .            (no amulet)
rElec   .            k - +6 ring of dexterity
rCorr   .            (no ring)
SInv    .            (no ring)
Will    .....        (no ring)
Stlth   ++++         (no ring)
HPRegen 0.29/turn    (no ring)
MPRegen 0.11/turn    (no ring)
                     (no ring)

%: no passive effects
@: no status effects
A: almost no armour, amphibious, 8 rings, camouflage 1, gelatinous body 1,
(nimble swimmer 1), tentacles
a: no special abilities


You were on level 5 of the Dungeon.
You visited 1 branch of the dungeon, and saw 5 of its levels.

You collected 219 gold pieces.

Inventory:

Missiles
 i - 2 poisoned darts (quivered)
Armour
 a - a +3 buckler (worn)
Jewellery
 k - a +6 ring of dexterity (left tentacle)
Talismans
 h - a blade talisman
Wands
 f - a wand of charming (11)
Scrolls
 d - a scroll of blinking
 r - 2 scrolls of identify
Potions
 b - a potion of curing
 c - 2 potions of heal wounds
 e - a potion of attraction
 g - a potion of resistance
 j - a potion of haste


   Skills:
 + Level 5.7 Fighting
 + Level 5.6 Dodging
 - Level 4.0 Stealth
 - Level 4.0 Shields
 * Level 7.1 Unarmed Combat


You had 7 spell levels left.
You didn't know any spells.
Your spell library contained the following spells:

 Spells                   Type           Power      Damage    Failure   Level
 Necrotise                Necr           0%         1d4       43%         1
 Vampiric Draining        Necr           0%         2d6       82%         3
 Martyr's Knell           Necr/Summ      0%         N/A       99%         4
 Curse of Agony           Necr           0%         N/A       100%        5


Dungeon Overview and Level Annotations

Branches:
Dungeon (5/15)
 Temple: D:4-7

Altars:
Yredelemnul
Zin


Innate Abilities, Weirdness & Mutations

You cannot wear most types of armour.
You are amphibious.
You can wear up to eight rings at the same time.
Your skin changes colour to match your surroundings (Stealth+).
Your rubbery body absorbs attacks. (AC +1, EV +1)
((You are camouflaged when in or above water. (Stealth+)))
You have tentacles for arms and can constrict up to eight enemies at once.


Message History

You tentacle-slap the orc.
You kill the orc!
You bludgeon the orc!
You kill the orc!
A hound comes into view.
Things that are here:
a +0 falchion; a +0 falchion; an amulet of the acrobat The hound barks!
You hear a shout!
The hound closely misses you.
You tentacle-slap the hound. You grab the hound.
The hound is moderately wounded.
You constrict the hound. The hound barely misses you.
You tentacle-slap the hound.
The hound is almost dead.
You constrict the hound. The hound closely misses you.
You tentacle-slap the hound.
You kill the hound!
An ogre comes into view. It is wielding a +0 giant club.
An ogre is nearby!
Throw: 3 darts (poison)
Press: ? - help, Q - select action, (/) - cycle Shift-Dir - straight line, f - ogre
Aim: an ogre, wielding a +0 giant club (75% to hit)
You throw a poisoned dart. The poisoned dart hits the ogre.
The ogre is poisoned.
You bludgeon the ogre!
The ogre is moderately wounded.
The ogre looks more healthy.
The ogre hits you with a +0 giant club!!
You barely miss the ogre.
The ogre is moderately wounded.
You bludgeon the ogre!
The ogre is heavily wounded.
You block the ogre's attack.
You closely miss the ogre.
The ogre is heavily wounded.
You bludgeon the ogre!
The ogre is almost dead.
The ogre hits you with a +0 giant club!!!
Ouch! That really hurt!
You die...

♣..♣♣...♣
♣♣....♣
♣♣♣.♣♣ ♣.♣♣♣
.♣ ♣♣..♣ ...
♣♣.♣ ♣...♣♣♣
♣♣)♣
♣....♣♣♣♣.♣♣
♣♣.@)..♣♣
♣..O♣♣♣♣
♣♣♣♣...♣♣
.........♣
♣♣♣♣♣♣♣.†♣
♣♣.( ♣♣♣♣


You could see an ogre.

Vanquished Creatures
  Grinder (D:3)
  Sigmund (D:4)
  Eustachio (D:4)
  2 ogres (D:4)
  A black bear (D:4)
  Blork the orc (D:4)
  A scorpion (D:4)
  3 bombardier beetles
  3 hounds
  An orc priest (D:5)
  An iguana (D:4)
  Ijyb (D:3)
  3 orc wizards
  A sleepcap (D:4)
  4 gnolls
  5 adders
  5 dart slugs
  6 orcs
  8 ball pythons
  8 bats
  5 endoplasms
  2 giant cockroaches
  9 goblins
  9 hobgoblins
  7 jackals
  2 quokkas
  4 frilled lizards
  4 kobolds (D:1)
  9 rats
108 creatures vanquished.

Vanquished Creatures (collateral kills)
  A hobgoblin (D:4)
  A kobold (D:4)
2 creatures vanquished.

Vanquished Creatures (others)
  A jelly (D:4)
1 creature vanquished.

Grand Total: 111 creatures vanquished

Notes
Turn   | Place    | Note
-------+----------+-------------------------------------------
     0 | D:1      | MollyMolluskus the Octopode Fighter began the quest for the
                  | Orb.
     0 | D:1      | Reached XP level 1. HP: 16/16 MP: 1/1
   102 | D:1      | Found a faded altar of an unknown god.
   115 | D:1      | Reached XP level 2. HP: 21/21 MP: 2/2
   140 | D:1      | Reached skill level 1 in Stealth
   368 | D:1      | You fall into a shaft and drop 1 floor!
   384 | D:1      | Reached XP level 3. HP: 17/26 MP: 3/3
   879 | D:2      | Reached XP level 4. HP: 20/31 MP: 4/4
   887 | D:2      | Reached skill level 3 in Unarmed Combat
  1630 | D:3      | Noticed Ijyb
  1643 | D:3      | Killed Ijyb
  1644 | D:3      | Reached XP level 5. HP: 12/36 MP: 5/5
  1838 | D:3      | Found a glowing silver altar of Zin.
  1893 | D:3      | Noticed Grinder
  1905 | D:3      | Killed Grinder
  1906 | D:3      | Reached skill level 4 in Unarmed Combat
  1906 | D:3      | Reached XP level 6. HP: 34/43 MP: 6/6
  2333 | D:3      | Found a basalt altar of Yredelemnul.
  2424 | D:4      | Reached XP level 7. HP: 46/48 MP: 7/7
  2480 | D:4      | Noticed Eustachio
  2498 | D:4      | Killed Eustachio
  2499 | D:4      | Reached skill level 5 in Unarmed Combat
  3050 | D:4      | Noticed Sigmund
  3132 | D:4      | Reached XP level 8. HP: 45/54 MP: 8/8
  3241 | D:4      | Noticed Blork the orc
  3242 | D:4      | Reached skill level 5 in Fighting
  3242 | D:4      | Reached skill level 5 in Dodging
  3242 | D:4      | Reached skill level 6 in Unarmed Combat
  3250 | D:4      | Killed Blork the orc
  3280 | D:4      | Killed Sigmund
  3462 | D:5      | Entered Level 5 of the Dungeon
  3518 | D:5      | Reached skill level 7 in Unarmed Combat
  3600 | D:5      | Slain by an ogre

Illustrated notes

Levels and vault maps discovered:
D:1:      ncdulo_watergridlock, layout_basic, shapermc_ecumenical_altar_gd
D:2:      layout_basic, ebering_dispersal_statue_hall
D:3:      layout_loops_ring, mainiacjoe_overflow_surrounded_room, zin_academy,
          chequers_arboretum, uniq_ijyb, uniq_grinder
D:4:      layout_cave_pods, grunt_ministairs_2, minmay_quantized, uniq_sigmund,
          uniq_blork_the_orc, uniq_eustachio
D:5:      kb_forest_paths, layout_rooms, old_standard_altar,
          lemuel_crystal_altar, chequers_garden, sigmund_army, uniq_duvessa,
          uniq_menkaure

Skill      XL: |  1  2  3  4  5  6  7  8 |
---------------+-------------------------+-----
Stealth        | 1 2 3 4 |  4.0
Unarmed Combat | 3 4 5 7 |  7.1
Fighting       | 4 5 |  5.7
Dodging        | 4 5 |  5.6
Shields        | 4 |  4.0

Action                     |  1- 3 |  4- 6 |  7- 9 || total
---------------------------+-------+-------+-------++-------
  Melee: Unarmed           |    62 |    80 |   103 ||   245
         Tentacles         |    21 |    20 |    22 ||    63
         Constrict         |    22 |    21 |    26 ||    69
         Punch             |     2 |     2 |     5 ||     9
  Throw: Dart              |       |       |     5 ||     5
  Evoke: Wand              |       |       |     3 ||     3
    Use: Scroll            |     6 |     4 |     5 ||    15
         Potion            |       |     2 |     1 ||     3
   Stab: Sleeping          |     3 |    10 |     6 ||    19
 Armour: Skin              |    21 |    16 |    26 ||    63
  Dodge: Dodged            |    31 |    36 |    39 ||   106
  Block: Buckler           |    13 |    19 |    26 ||    58
